cohdb
Replays
Latest Replays
All Replays
Popular Replays
Top Player Replays
Match Explorer
How It Works
Community
CoH3 Stats
Reddit
Sign in to upload your games and track your stats! →
Sign in with Steam
They had fortified mid, we neglect and Later released the hell
Match 12660775
Overview
Messages
Build Orders
End
Panzergrenadier Squad
Selects Armored Suppot Battlegroup
250 Light Carrier
Construct Light Support Kompanie
Panzergrenadier Squad
Grenade Package
Fire Support Elements
Veteran Squad Leaders
Combat Half-tracks
le.IG 18 Mechanized Group
Flakvierling Half-track
Selects Veteran Gunners
Selects Salvage Kits
2.5-tonne Medical Truck
Flakvierling Half-track
Construct Panzerarmee Kommand
Selects Flammpanzer III Medium Tank Sd.Kfz. 141
Flammpanzer III Medium Tank
Panzer III L Medium Tank
Selects Panzer Storm
Walking Stuka Rocket Launcher
Selects Stuka Anti-tank Loiter
Panzer III L Medium Tank
Stuka Anti-tank Loiter
Panzer III L Medium Tank
Armored Reserves
Selects Command Panzer IV F Medium Tank
Panzerpioneer Squad
KINGssTIger
magic7ben
Baideng他二舅
Para_Dilshan
Monsun
KrazyGryphon
jbourne
JAYZDOMINATE
0
0
Comments
sign in to comment!
No comments posted yet!